[Event "*** Titled Tuesday 3|2 Blitz"]
[Site "Chess.com"]
[Date "2016.05.03"]
[Round "6"]
[White "Lying-Ted"]
[Black "Aguiar94"]
[Result "0-1"]
[WhiteElo "2251"]
[BlackElo "2388"]
[TimeControl "180+2"]
[EndTime "18:16:39 PDT"]
[Termination "Aguiar94 won by checkmate"]

1. e4 c5 2. Nf3 e6 3. b3 Nc6 4.
Bb2 d6 5. Bb5 Ne7 6. O-O a6 7.
Be2 e5 8. c3 g6 9. d4 exd4 10.
cxd4 Bg7 11. Nbd2 Nxd4 12. Nxd4 cxd4 13. Nf3 Nc6 14. Nxd4 Qf6 15. Nxc6 Qxb2 16. Qxd6 bxc6 17. Qxc6+ Ke7 18. Qxa8 Qxe2 19. Rfe1 Qb5 20. Rac1 Bd7 21. Qa7 Rd8 22. Red1 Be5 23. Rd5 Bb8 24. Qe3 Qb7 25.
Qg5+ f6 26. Qh6 Rf8 27. Qxh7+ Rf7 28. Qxg6 Be6 29. Rdc5 Bd6 30. Rc6 a5 31. Qh5 Be5 32.
Qd1 Rg7 33. g3 Kf7 34. f4 Bxf4 35. R1c3 Be5 36. Rc2 Ke7 37. Qd3 Bd7 38. Qd5 Bxc6 39. Rxc6 Qd7 40. Qc5+ Kf7 41. Qc4+ Kg6 42. Kg2 Qd2+ 43.
Kf3 Qd1+ 44. Qe2 Qh1+ 45. Ke3 Kh6 46. Rc2 Rd7 47. Rd2 Rc7 48. Qf3 Qe1+ 49. Re2 Rc3# 0-1

[Event "*** Titled Tuesday 3|2 Blitz"]
[Site "Chess.com"]
[Date "2016.05.03"]
[Round "6"]
[White "andryusha"]
[Black "bugsbunny444"]
[Result "1-0"]
[WhiteElo "2203"]
[BlackElo "2355"]
[TimeControl "180+2"]
[EndTime "18:16:48 PDT"]
[Termination "andryusha won by resignation"]

1. e4 e6 2. d4 d5 3. Nc3 Nf6 4. Bg5 Bb4 5. e5 h6 6. Bd2 Bxc3 7. bxc3 Ne4 8. Bd3 Nxd2 9. Qxd2 c5 10. f4 Qa5 11. dxc5 Nd7 12. Nf3 Nxc5 13. Nd4 Bd7 14. O-O Rc8 15. f5 Nxd3 16. fxe6 Bxe6 17. Nxe6 Qxc3 18. Nxg7+ Kf8 19. Ne6+ Ke7 20. Qxd3 Qxd3 21. cxd3 fxe6 22. Rf6 Rc3 23. Raf1 Rh7 24. Rf8 Kd7 25. Rb8 Kc6 26. Rc8+ Rc7 27. Rxc7+ Kxc7 28. Rf7+ Kc6 29. Re7 Rxd3 30. Rxe6+ Kc5 31. Rxh6 b5 32. Rh7 a5 33. Rc7+ Kd4 34. e6 Re3 35. e7 b4 36. h4 a4 37. h5 b3 38. axb3 axb3 39. h6 b2 40. Rb7 Rxe7 41. Rxb2 Rh7 42. Rb6 Ke5 43. g4 Kf4 44.
Rg6 d4 45. Kf2 d3 46. g5 Kf5 47. Rg7 Rh8 48. Ke3 Rd8 49. Kd2 Ke6 50. h7 Rh8 51. g6 1-0

[Event "*** Titled Tuesday 3|2 Blitz"]
[Site "Chess.com"]
[Date "2016.05.03"]
[Round "6"]
[White "Tonychess32"]
[Black "Beca95"]
[Result "1-0"]
[WhiteElo "2410"]
[BlackElo "2535"]
[TimeControl "180+2"]
[EndTime "18:17:05 PDT"]
[Termination "Tonychess32 won on time"]

1. e4 c5 2. Nf3 d6 3. c3 Nf6 4. Be2 g6 5. O-O Bd7 6. d3 Bg7 7. Re1 O-O 8. h3 Nc6 9. Be3 e5 10. a4 Qc7 11. Na3 a6 12. Nc2 b6 13. Bg5 Nh5 14. Ne3 Be6 15. Nd5 Bxd5 16. exd5 Ne7 17. c4 f5 18. Bd2 h6 19. Rb1 a5 20. Bc3 Nf4 21. Bf1 g5 22. Nd2 Qd7 23. g3 Nfg6 24.
Be2 Kh7 25. Bh5 Ng8 26. f4 exf4 27. Bxg6+ Kxg6 28. gxf4 Rae8 29. Nf3 Nf6 30. fxg5 hxg5 31. Qd2 Bh6 32. Qg2 Nh5 33. Bd2 g4 34. hxg4 fxg4 35. Nh4+ Kh7 36. Rxe8 Rxe8 37. Bxh6 Kxh6 38. Qd2+ Kh7 39. Qg5 Ng3 40. Qg6+ Kh8 41. Kg2 Qe7 42. Qh6+ Kg8 43. Kxg3 Qe2 44. Qg5+ Kf7 45. Qg6+ Kf8 46.
Qxd6+ Kg8 47. Qg6+ Kf8 48. Qf5+ Ke7 49. Ng6+ Kd8 50. Qf6+ Kc8 51. Qc6+ Kb8 52. Qxb6+ Ka8 53. Qxa5+ Kb8 54. Qb5+ Ka8 55. Qc6+ Kb8 56. Qf6 Qxd3+ 57. Kh4 Qxb1 58. Qb6+ Kc8 59. Qxc5+ Kd8 60. Qd6+ Kc8 61.
Ne7+ Rxe7 62. Qxe7 Qe1+ 63. Qxe1 1-0

[Event "*** Titled Tuesday 3|2 Blitz"]
[Site "Chess.com"]
[Date "2016.05.03"]
[Round "6"]
[White "sandropozo"]
[Black "GianmarcoVaR"]
[Result "1-0"]
[WhiteElo "2285"]
[BlackElo "2326"]
[TimeControl "180+2"]
[EndTime "18:17:11 PDT"]
[Termination "sandropozo won by resignation"]

1. d4 Nf6 2. c4 e6 3. Nf3 b6 4. Nc3 Bb4 5. Bg5 Bb7 6. e3 h6 7. Bh4 g5 8. Bg3 Ne4 9. Qc2 d6 10.
Bd3 Bxc3+ 11. bxc3 f5 12. d5 Na6 13. Bxe4 fxe4 14. Qxe4 Qf6 15. Qxe6+ Qxe6 16. dxe6 Bxf3 17.
gxf3 Ke7 18. f4 Kxe6 19. fxg5 hxg5 20. O-O-O g4 21. Rd4 Rag8 22. e4 Nc5 23. Re1 Rh5 24.
Rd5 Rxd5 25. cxd5+ Kf7 26. Kc2 Nd7 27. Kd3 Re8 28.
Kd4 Ne5 29. Bxe5 dxe5+ 30. Ke3 Rh8 31. Rg1 Rh4 32. Rg3 Ke7 33. f3 gxf3 34. Kxf3 Rxh2 35. Rg7+ Kd6 36. Rg6+ Kd7 37. Re6 Rh3+ 38. Kg4 Rxc3 39. Rxe5 a5 40. Rh5 b5 41. Kf5 Rc2 42. e5 Rf2+ 43. Ke4 Rxa2 44. Rh7+ Kc8 45. e6 a4 46. Kd4 Kb7 47. d6 Kc6 48. d7 Rd2+ 49. Kc3 Rd6 50. Rh8 Rxd7 51. exd7 Kxd7 52. Kb4 1-0

[Event "*** Titled Tuesday 3|2 Blitz"]
[Site "Chess.com"]
[Date "2016.05.03"]
[Round "6"]
[White "gmjoey1"]
[Black "yarosavich"]
[Result "0-1"]
[WhiteElo "2521"]
[BlackElo "2543"]
[TimeControl "180+2"]
[EndTime "18:17:17 PDT"]
[Termination "yarosavich won by resignation"]

1. e4 c6 2. d4 d5 3. Nc3 dxe4 4. Nxe4 Bf5 5. Ng3 Bg6 6. h4 h6 7. Nh3 e6 8. Nf4 Bh7 9. Bc4 Nf6 10. Qe2 Qxd4 11.
Bxe6 fxe6 12. Nxe6 Qg4 13. Nc7+ Kd7 14. Nxa8 Qxe2+ 15. Kxe2 Bxc2 16. Be3 b6 17. Rac1 Ba4 18. Nxb6+ axb6 19. Bxb6 Bb5+ 20. Kf3 Bd6 21. Rhd1 Nd5 22. Bc5 Rf8+ 23.
Kg4 Na6 24. Bxd6 Kxd6 25. Ne4+ Ke5 26. Ng3 Rf4+ 27. Kh3 Kd6 28. Re1 Kc7 29. Ne4 Nab4 30. g3 Rf7 31. Re3 Nd3 32. Rc2 Ne5 33. Nc5 Nf3 34. Ne6+ Kd6 35. Nf4 Nd4 36. Rd2 Nxf4+ 37. gxf4 c5 38. Kg3 Bc6 39. Re5 Bd5 40. b4 Rd7 41.
bxc5+ Kxc5 42. a4 Kc4 43. a5 Bc6 44. a6 Nf5+ 45. Rxf5 Rxd2 46. Ra5 Rd8 47. a7 Ra8 48. Kg4 Kb4 49. Ra1 Ba4 50. Kf5 Rxa7 51. Kg6 Kb5 52. f5 Kb4 53. Re1 Bc2 54. Re5 Kc4 55. f4 Kd4 56. h5 Be4 57. Kh7 Rf7 58. Kg6 Rd7 59. Ra5 Ke3 60. Kh7 Kxf4 61. Kh8 Bxf5 62. Ra1 Kg5 63. Ra6 Bg4 64. Kg8 Kxh5 65. Ra5+ Kh4 66. Kf8 g5 67. Ke8 Rd4 68. Ke7 h5 69. Kf6 Rb4 70. Ra6 Be2 71. Ra2 Rf4+ 72. Kg6 Bd3+ 73.
Kh6 g4 74. Rh2+ Kg3 75. Rxh5 Kf3 76. Rd5 Be2 77. Ra5 g3 78. Kg5 Rf8 79. Ra1 g2 80. Kh4 Rh8+ 81. Kg5 Rh1 82. Ra3+ Kf2 83. Kf4 g1=Q 0-1

[Event "*** Titled Tuesday 3|2 Blitz"]
[Site "Chess.com"]
[Date "2016.05.03"]
[Round "6"]
[White "chito89"]
[Black "Newlight1"]
[Result "1/2-1/2"]
[WhiteElo "2584"]
[BlackElo "2248"]
[TimeControl "180+2"]
[EndTime "18:17:21 PDT"]
[Termination "Game drawn by agreement"]

1. e4 c5 2. Nf3 Nc6 3. Bb5 Qb6 4.
Bxc6 Qxc6 5. Nc3 e6 6. O-O a6 7.
Re1 d6 8. d4 cxd4 9. Nxd4 Qc7 10. a4 Nf6 11. a5 Be7 12. Na4 Qxa5 13. Be3 Qc7 14. Nb3 O-O 15. Nb6 Rb8 16. Ra4 Bd7 17. Rc4 Bc6 18. Na5 Rfd8 19. Qa1 Bf8 20. h3 d5 21. exd5 exd5 22. Rh4 d4 23. Bxd4 Rxd4 24. Rxd4 Bc5 25. Nxc6 bxc6 26. Nd7 Nxd7 27. Rde4 Nf6 28.
R4e2 Qb6 29. c3 h6 30. b4 Bd6 31. Qd1 Rd8 32. Rd2 Qc7 33. Kh1 Nd5 34. Qf3 Bf4 35. Rde2 Nf6 36. g3 Bd2 37. Rd1 Bg5 38. Ra1 Qc8 39.
Kg2 Nd5 40. Rae1 Bf6 41. Rc2 Qd7 42. Rd1 Qc8 43. Re1 Qd7 44. Re4 Qc8 45. Rc4 Qd7 46. Re2 Re8 47. Rd2 Re5 48. Rc5 Rf5 49. Qg4 h5 50.
Qd1 Bxc3 51. Rxc3 Nxc3 52. Rxd7 Nxd1 53. Rxd1 Rb5 54. Rd4 c5 55. bxc5 Rxc5 56. Rd6 a5 57. Ra6 1/2-1/2

[Event "*** Titled Tuesday 3|2 Blitz"]
[Site "Chess.com"]
[Date "2016.05.03"]
[Round "6"]
[White "destroyer305"]
[Black "1random"]
[Result "0-1"]
[WhiteElo "2205"]
[BlackElo "2037"]
[TimeControl "180+2"]
[EndTime "18:17:24 PDT"]
[Termination "1random won on time"]

1. e4 Nf6 2. e5 Nd5 3. d4 d6 4. c4 Nb6 5. exd6 cxd6 6. Nc3 g6 7. Be3 Bg7 8. Rc1 O-O 9. b3 Bf5 10. Be2 d5 11. c5 Nc8 12. Nf3 Nc6 13. O-O Bg4 14.
h3 Bxf3 15. Bxf3 e6 16. a3 N8e7 17. b4 Nf5 18. b5 Ncxd4 19. Bg4 Nxe3 20. fxe3 Nf5 21.
Bxf5 gxf5 22. Ne2 a6 23. a4 axb5 24. axb5 Ra5 25. Qd3 Qd7 26. Rb1 Rfa8 27. Rfc1 Ra3 28.
Rb3 Rxb3 29. Qxb3 Ra5 30. c6 bxc6 31. bxc6 Qc7 32. Qb7 Be5 33. Nd4 Ra7 34. Qb3 Bxd4 35. exd4 Qf4 36. Qc3 Rc7 37. Rb1 Qd6 38. Rb8+ Kg7 39.
Qe3 h6 40. Rb7 Rxc6 41. Rb1 Rb6 42. Rf1 Rb4 43. Rf3 Rb1+ 44. Kf2 Rb2+ 45. Kg1 Rb1+ 46. Kf2 Qc7 47. Rg3+ Kh7 48. Rf3 Rb2+ 49. Kg1 Rb1+ 50.
Kf2 Qc2+ 51. Kg3 Qe4 52. Qa3 Rg1 53. Qf8 Kg6 54. Qg8+ Kf6 55. Qh8+ Kg6 56. Qg8+ Kf6 57. Qd8+ Kg7 58. Qc7 Qxd4 0-1

[Event "*** Titled Tuesday 3|2 Blitz"]
[Site "Chess.com"]
[Date "2016.05.03"]
[Round "6"]
[White "attack2mateU"]
[Black "Kacparov"]
[Result "1/2-1/2"]
[WhiteElo "2468"]
[BlackElo "2565"]
[TimeControl "180+2"]
[EndTime "18:18:11 PDT"]
[Termination "Game drawn by agreement"]

1. e4 c5 2. Nf3 e6 3. d4 cxd4 4. Nxd4 a6 5. Nc3 Qc7 6. Bd3 Nf6 7. f4 d6 8. O-O Nbd7 9. Kh1 b5 10. Qe2 Bb7 11.
Bd2 Nc5 12. b4 Nxd3 13. cxd3 Be7 14. a4 bxa4 15. Nxa4 O-O 16. Rfc1 Qd8 17. Nc6 Bxc6 18. Rxc6 Nd7 19. Rac1 Qb8 20. d4 Qb5 21. Qxb5 axb5 22. Nb6 Nxb6 23. Rxb6 Rfb8 24. Rxb8+ Rxb8 25. d5 Kf8 26. Kg1 Ke8 27. Rc7 Bd8 28. Rc6 Kd7 29. Kf2 exd5 30.
exd5 Ra8 31. Ke2 Ra2 32. Kd3 g6 33. Rc2 Ra3+ 34. Rc3 Ra4 35. Rc2 h5 36. g3 h4 37.
g4 Ra3+ 38. Bc3 Bf6 39. g5 Bxc3 40. Rxc3 Ra4 41. Rb3 Ra2 42. h3 Rg2 43. Ke4 Ke7 44. Rc3 Rb2 45. Rc7+ Ke8 46. Rb7 Rxb4+ 47. Kf3 Rb3+ 48.
Kg4 b4 49. Kxh4 Rb1 50. Kg3 b3 51.
Kg2 b2 52. h4 Kd8 53. f5 Kc8 54. Rb4 Kd7 55. f6 Rd1 56. Rb7+ Kc8 57. Rxb2 Rxd5 58. Re2 Rd4 59. Kg3 Rd3+ 60. Kf4 Kd8 61. Re7 Rd4+ 62. Kg3 Rd3+ 63. Kf2 Rd4 64. Rxf7 Rxh4 65. Rg7 Ke8 66.
Rxg6 Rh7 67. Rg8+ Kf7 68. Ra8 Kg6 69. Ra5 Rh3 70. Rd5 Ra3 71. Ke2 Rb3 72. Kf2 Ra3 73. Ke2 Rg3 74. Rxd6 Rxg5 75. f7+ Kxf7 76. Rd7+ 1/2-1/2

[Event "*** Titled Tuesday 3|2 Blitz"]
[Site "Chess.com"]
[Date "2016.05.03"]
[Round "7"]
[White "GMG"]
[Black "1random"]
[Result "1/2-1/2"]
[WhiteElo "2407"]
[BlackElo "2043"]
[TimeControl "180+2"]
[EndTime "18:22:25 PDT"]
[Termination "Game drawn by agreement"]

1. c4 e6 2. Nf3 Nf6 3. d4 d5 4. Bg5 dxc4 5. Qa4+ Nbd7 6. Nbd2 a6 7. Qxc4 b5 8. Qc2 Bb7 9. a4 c5 10. axb5 axb5 11.
Rxa8 Qxa8 12. dxc5 Bxc5 13. Bxf6 gxf6 14. e3 Qa1+ 15.
Qb1 Qxb1+ 16. Nxb1 b4 17. Bb5 Rg8 18. Kf1 Ke7 19.
Nbd2 Ra8 20. Ke2 Ra2 21. Rb1 f5 22. Bc4 Ra8 23. Nb3 Bd6 24. Nbd4 Rg8 25. g3 Ne5 26. Nxe5 Bxe5 27. Ra1 Ra8 28. Rxa8 Bxa8 29. Bb5 Be4 30. Nc6+ Bxc6 31. Bxc6 Bxb2 1/2-1/2

[Event "*** Titled Tuesday 3|2 Blitz"]
[Site "Chess.com"]
[Date "2016.05.03"]
[Round "7"]
[White "Aguiar94"]
[Black "howitzer14"]
[Result "0-1"]
[WhiteElo "2377"]
[BlackElo "2261"]
[TimeControl "180+2"]
[EndTime "18:22:53 PDT"]
[Termination "howitzer14 won by resignation"]

1. e4 e5 2. Nf3 Nc6 3. d4 exd4 4. Nxd4 Bc5 5. Be3 Qf6 6. c3 Nge7 7. Nc2 Bb6 8. g3 O-O 9. Bg2 d6 10. O-O Qg6 11. c4 f5 12. Nc3 fxe4 13. Bxb6 axb6 14. Nb5 Bg4 15. Qe1 Rac8 16. Bxe4 Bf5 17. Bxf5 Nxf5 18. Qd2 Ne5 19. Qc3 Nh4 20. Ne1 Nhf3+ 21. Nxf3 Nxf3+ 22. Kg2 Qe4 23. Qe3 Ne1+ 24. Kh3 Qxe3 25. fxe3 Rxf1 0-1

[Event "*** Titled Tuesday 3|2 Blitz"]
[Site "Chess.com"]
[Date "2016.05.03"]
[Round "7"]
[White "Dr-Bassem"]
[Black "Gevorg_Harutjunyan"]
[Result "0-1"]
[WhiteElo "2580"]
[BlackElo "2659"]
[TimeControl "180+2"]
[EndTime "18:23:14 PDT"]
[Termination "Gevorg_Harutjunyan won by checkmate"]

1. e4 c6 2. d4 d5 3. exd5 cxd5 4. c4 Nf6 5. Nc3 Nc6 6. Bg5 Ne4 7. Nxe4 dxe4 8. d5 Ne5 9. Qd4 f6 10. Qxe4 Qb6 11. O-O-O Qxf2 12. Bf4 g6 13. Nf3 Bf5 14. Qe2 Qxe2 15. Bxe2 Nxc4 16. Bxc4 Rc8 17. b3 b5 18.
Nd2 e5 19. dxe6 Ba3# 0-1

[Event "*** Titled Tuesday 3|2 Blitz"]
[Site "Chess.com"]
[Date "2016.05.03"]
[Round "7"]
[White "jeaston1"]
[Black "bugsbunny444"]
[Result "0-1"]
[WhiteElo "2005"]
[BlackElo "2357"]
[TimeControl "180+2"]
[EndTime "18:23:22 PDT"]
[Termination "bugsbunny444 won by resignation"]

1. d4 e6 2. c4 b6 3. Nc3 Bb7 4. e4 Bb4 5. Bd3 f5 6. Qf3 Nf6 7. Qg3 fxe4 8. Be2 O-O 9. Nh3 Nc6 10. Be3 Bd6 11. Qh4 e5 12. dxe5 Nxe5 13. O-O h6 14.
Rad1 Ng6 0-1

[Event "*** Titled Tuesday 3|2 Blitz"]
[Site "Chess.com"]
[Date "2016.05.03"]
[Round "7"]
[White "Silent_Terror"]
[Black "Tirantes"]
[Result "1/2-1/2"]
[WhiteElo "2553"]
[BlackElo "2239"]
[TimeControl "180+2"]
[EndTime "18:23:51 PDT"]
[Termination "Game drawn by repetition"]

1. e4 c6 2. Nc3 d5 3. Nf3 dxe4 4. Nxe4 Nf6 5. Nxf6+ exf6 6. d4 Bd6 7. Be3 O-O 8.
c4 Bb4+ 9. Bd2 Re8+ 10. Be2 Bf8 11. O-O Bg4 12. h3 Bxf3 13. Bxf3 Qxd4 14. Qc2 Na6 15. a3 Nc5 16. b4 Qd3 17. Qa2 Nb3 18. Rad1 Qxc4 19. Be3 a5 20. Rd4 Qxd4 21. Bxd4 Nxd4 22.
bxa5 Nxf3+ 23. gxf3 Rxa5 24. Qb2 Rxa3 25. Qxb7 c5 26.
Rd1 Raa8 27. Rd7 Rab8 28. Qd5 Re7 29. Rd8 Re8 30. Rd7 Re7 31. Rd8 Re8 32. Rd7 1/2-1/2

[Event "*** Titled Tuesday 3|2 Blitz"]
[Site "Chess.com"]
[Date "2016.05.03"]
[Round "7"]
[White "Viaje"]
[Black "Zazuliak"]
[Result "0-1"]
[WhiteElo "2152"]
[BlackElo "2374"]
[TimeControl "180+2"]
[EndTime "18:24:07 PDT"]
[Termination "Zazuliak won by resignation"]

1. d4 Nf6 2. c4 g6 3. Nc3 Bg7 4. e4 d6 5. Be2 O-O 6. Nf3 Na6 7. O-O e5 8. Be3 Ng4 9. Bg5 Qe8 10. Nd5 h6 11.
Be7 c6 12. Bxf8 Kxf8 13. Nc3 exd4 14. Nxd4 Ne5 15. f4 Nd7 16. f5 Kg8 17. fxg6 fxg6 18.
Kh1 Ne5 19. Rc1 Qe7 20. Nf3 Nc5 21. Nxe5 Bxe5 22. Bg4 Qh4 23. Bh3 Bxh3 24. gxh3 Qxh3 25. Rc2 Qe6 26. Qe2 Re8 27. b3 Bxc3 28. Rxc3 Nxe4 0-1

[Event "*** Titled Tuesday 3|2 Blitz"]
[Site "Chess.com"]
[Date "2016.05.03"]
[Round "7"]
[White "GeorgMeier"]
[Black "Checky2015"]
[Result "1/2-1/2"]
[WhiteElo "2744"]
[BlackElo "2617"]
[TimeControl "180+2"]
[EndTime "18:24:37 PDT"]
[Termination "Game drawn by repetition"]

1. Nf3 d5 2. g3 Nf6 3. Bg2 e6 4. O-O Be7 5. c4 O-O 6. d4 dxc4 7. Qc2 a6 8. a4 Bd7 9. Qxc4 Bc6 10. Bg5 Bd5 11. Qc2 Be4 12. Qd1 a5 13. Nc3 Bxf3 14.
Bxf3 c6 15. Qb3 Na6 16. Rfd1 Nb4 17. Rac1 h6 18. Bf4 Nfd5 19. Bd2 Nb6 20. Be1 Nd7 21.
e3 Qb6 22. Ne4 Nd5 23. Qxb6 N7xb6 24. b3 Nd7 25. Nd2 Ba3 26. Ra1 Bb2 27. Rab1 Bc3 28.
Kf1 Rfd8 29. Rbc1 Bb2 30. Rb1 Bc3 31. Rbc1 Bb2 32. Rc2 Ba3 33. Nc4 Bb4 34. e4 Bxe1 35.
Kxe1 Nb4 36. Rcd2 Kf8 37. Bg2 Ke7 38. f4 g5 39. Kf2 gxf4 40. gxf4 Nf6 41. Bf3 Rg8 42. Nb6 Rad8 43. Nc4 Ra8 44. Ne5 Nd7 45. Nc4 Nf6 1/2-1/2

[Event "*** Titled Tuesday 3|2 Blitz"]
[Site "Chess.com"]
[Date "2016.05.03"]
[Round "7"]
[White "Hikaru"]
[Black "MinhGTrAn"]
[Result "0-1"]
[WhiteElo "2822"]
[BlackElo "2644"]
[TimeControl "180+2"]
[EndTime "18:25:10 PDT"]
[Termination "MinhGTrAn won by resignation"]

1. c4 e5 2. Nc3 Bb4 3. g3 c6 4. Bg2 Nf6 5. Nf3 d6 6. O-O O-O 7. d4 Nbd7 8. Qc2 Qe7 9. a3 Bxc3 10. Qxc3 h6 11. e3 e4 12. Nd2 d5 13. b3 Re8 14. a4 Qe6 15. Ba3 Nf8 16. Rae1 N8h7 17. f4 exf3 18. Nxf3 Ne4 19. Qc2 Nhg5 20. Ne5 f6 21.
Nd3 Qf7 22. Nf4 Bd7 23. Rc1 dxc4 24. bxc4 Bf5 25. Qe2 Rad8 26. d5 Qd7 27. Kh1 c5 28. Bb2 Re7 29. a5 Rde8 30. Rce1 Nd6 31. Bc1 Be4 32. h4 Bxg2+ 33. Kxg2 Nge4 34. Ne6 Rxe6 35. dxe6 Qxe6 36. Rf4 Nxc4 37. Qa2 Nxe3+ 0-1

[Event "*** Titled Tuesday 3|2 Blitz"]
[Site "Chess.com"]
[Date "2016.05.03"]
[Round "7"]
[White "MbMaster"]
[Black "JusticeBot"]
[Result "1-0"]
[WhiteElo "2253"]
[BlackElo "2480"]
[TimeControl "180+2"]
[EndTime "18:25:17 PDT"]
[Termination "MbMaster won by checkmate"]

1. e4 e5 2. Nf3 Nc6 3. Nc3 Nf6 4.
d4 exd4 5. Nxd4 Bc5 6. Be3 Bb6 7.
Nxc6 bxc6 8. Qd2 O-O 9. Bd3 d5 10. Bxb6 axb6 11. exd5 Re8+ 12. Ne2 Qxd5 13. O-O Rxa2 14.
Nc3 Rxa1 15. Nxd5 Rxf1+ 16. Bxf1 cxd5 17. f3 c5 18. Qf4 Bd7 19. Qc7 Re1 20. Kf2 Rc1 21.
Qd8+ Be8 22. Bd3 c4 23. Bf5 Kf8 24. Qxb6 Ke7 25. Qe3+ Kd6 26. Qxc1 g6 27. Bh3 Nh5 28. b4 f5 29. Qe3 Bd7 30. Qc5+ Ke6 31. b5 Nf4 32. b6 g5 33. b7 d4 34. b8=Q d3 35. Qbd6+ Kf7 36. Qe7+ Kg6 37. Qxd7 dxc2 38. Qcxf5+ Kh5 39. Qdxh7# 1-0

[Event "*** Titled Tuesday 3|2 Blitz"]
[Site "Chess.com"]
[Date "2016.05.03"]
[Round "7"]
[White "yarosavich"]
[Black "HansCoolNiemann"]
[Result "1-0"]
[WhiteElo "2546"]
[BlackElo "2293"]
[TimeControl "180+2"]
[EndTime "18:25:26 PDT"]
[Termination "yarosavich won on time"]

1. d4 Nf6 2. c4 c5 3. d5 e6 4. g3 exd5 5. cxd5 d6 6. Bg2 g6 7.
Nc3 Bg7 8. Nf3 O-O 9. O-O a6 10. a4 Re8 11. Nd2 Nbd7 12. h3 Qc7 13. e4 b6 14. f4 Rb8 15. Re1 c4 16. Nf3 b5 17.
axb5 axb5 18. Nd4 b4 19. Ncb5 Qb6 20. Kh2 Ba6 21. Nxd6 Qxd6 22. Nc6 Ra8 23. e5 Qc7 24. d6 Qb6 25. Be3 Qb7 26. exf6 1-0

[Event "*** Titled Tuesday 3|2 Blitz"]
[Site "Chess.com"]
[Date "2016.05.03"]
[Round "7"]
[White "AlexanderL"]
[Black "chessking2151"]
[Result "1-0"]
[WhiteElo "2575"]
[BlackElo "2325"]
[TimeControl "180+2"]
[EndTime "18:25:34 PDT"]
[Termination "AlexanderL won by resignation"]

1. d4 Nf6 2. Bg5 d5 3. e3 h6 4. Bxf6 exf6 5. g3 Bd6 6. Bg2 O-O 7. Ne2 c6 8. O-O Nd7 9. c4 dxc4 10. Qc2 b5 11.
Bxc6 Rb8 12. b3 cxb3 13. axb3 a6 14. Nbc3 Nb6 15. Rfc1 Qe7 16. Qd3 Ba3 17. Rc2 Rd8 18. Nf4 Bd6 19. Ncd5 Nxd5 20. Nxd5 Qf8 21. e4 h5 22. h4 Be7 23. Kg2 g6 24. Qe3 Kg7 25.
e5 f5 26. Nxe7 Qxe7 27. d5 Bb7 28. d6 Bxc6+ 29. Rxc6 Qb7 30. Qf3 Ra8 31. Qd5 Kg8 32.
b4 a5 33. Rxa5 Rac8 34. Raa6 Kg7 35. Rab6 Qa8 36. d7 Rxc6 37. Rxc6 Qb7 38. Rxg6+ 1-0

[Event "*** Titled Tuesday 3|2 Blitz"]
[Site "Chess.com"]
[Date "2016.05.03"]
[Round "7"]
[White "StellarChessPro"]
[Black "Kawhi_Leonard2"]
[Result "1-0"]
[WhiteElo "2297"]
[BlackElo "2120"]
[TimeControl "180+2"]
[EndTime "18:25:53 PDT"]
[Termination "StellarChessPro won by resignation"]

1. d4 Nf6 2. Bg5 e6 3. e4 h6 4. Bxf6 Qxf6 5. c3 d6 6. Bd3 Nc6 7. Ne2 Bd7 8. O-O g5 9. f4 Qe7 10.
f5 exf5 11. exf5 O-O-O 12. a4 h5 13. b4 Re8 14. a5 Qe3+ 15. Kh1 h4 16. Rf3 Qe7 17.
f6 Qd8 18. b5 Nb8 19. b6 cxb6 20.
axb6 a6 21. Nd2 Qxb6 22. Nc4 Qc7 23. Rb1 g4 24. Nb6+ Kd8 25. Rf4 h3 26. Nd5 hxg2+ 27. Kxg2 Bc6 28. c4 Bh6 29. Rxg4 Reg8 30. Ng3 Nd7 31.
Rxg8+ Rxg8 32. Qh5 Bxd5+ 33. cxd5 Bf4 34. Qxf7 Rf8 35.
Qe7+ Kc8 36. Bf5 Kb8 37. Qxd7 Qxd7 38. Bxd7 Rxf6 39. Be6 1-0

[Event "*** Titled Tuesday 3|2 Blitz"]
[Site "Chess.com"]
[Date "2016.05.03"]
[Round "7"]
[White "chito89"]
[Black "sandropozo"]
[Result "0-1"]
[WhiteElo "2555"]
[BlackElo "2299"]
[TimeControl "180+2"]
[EndTime "18:26:05 PDT"]
[Termination "sandropozo won by checkmate"]

1. e4 e6 2. Nf3 d5 3. Nc3 dxe4 4. Nxe4 Bd7 5. d4 Bc6 6. Ned2 Nd7 7. Bd3 Ngf6 8. Qe2 Be7 9. O-O O-O 10. c3 Bd5 11. a4 c5 12. a5 cxd4 13. Nxd4 a6 14. N2f3 Nc5 15. Bc2 Qc7 16. Bg5 h6 17. Bh4 Ncd7 18.
Rfd1 Bd6 19. Bg3 Bxg3 20. hxg3 Rfe8 21. Ra4 Nc5 22. Ra3 e5 23. Nf5 e4 24. N3d4 Rad8 25.
c4 Bc6 26. b4 Nd3 27. b5 axb5 28. cxb5 Bd5 29. b6 Qc5 30. Rda1 Bc4 31. Qe3 Ba6 32. Bb3 Ng4 33. Qe2 Ndxf2 34. Qa2 Rxd4 35. Bxf7+ Kh8 36. Nxd4 Qxd4 37. Qd5 Nh3+ 38. Kh1 Qg1+ 39. Rxg1 Nhf2# 0-1

[Event "*** Titled Tuesday 3|2 Blitz"]
[Site "Chess.com"]
[Date "2016.05.03"]
[Round "7"]
[White "jk13"]
[Black "TheCount"]
[Result "0-1"]
[WhiteElo "2433"]
[BlackElo "2540"]
[TimeControl "180+2"]
[EndTime "18:26:08 PDT"]
[Termination "TheCount won by resignation"]

1. e4 e5 2. Nf3 Nc6 3. Bc4 a6 4. d3 Be7 5. Ng5 Bxg5 6. Qh5 g6 7. Qxg5 Qxg5 8. Bxg5 d6 9. Nc3 Be6 10. Nd5 Kd7 11. a3 Nd4 12. O-O-O h6 13. Be3 b5 14. Ba2 Rb8 15. c3 Ne2+ 16. Kd2 Nf4 17. g3 Nxd5 18.
exd5 Bg4 19. f3 Bxf3 20. Rhf1 Bxd1 21. Rxf7+ Ke8 22. Rxc7 Bg4 23. b4 Ne7 24. c4 Bf3 25. Ra7 e4 26. c5 exd3 27. cxd6 Nxd5 28. Bd4 Rf8 29. d7+ Ke7 30. Be5 Rbd8 31. Rxa6 Rxd7 32. Rxg6 Be4 33. Rxh6 Rf2+ 34. Ke1 Re2+ 0-1

[Event "*** Titled Tuesday 3|2 Blitz"]
[Site "Chess.com"]
[Date "2016.05.03"]
[Round "7"]
[White "attack2mateU"]
[Black "pKiLz5Rn9b"]
[Result "1-0"]
[WhiteElo "2480"]
[BlackElo "2410"]
[TimeControl "180+2"]
[EndTime "18:26:17 PDT"]
[Termination "attack2mateU won by resignation"]

1. e4 d6 2. d4 g6 3. Nc3 Bg7 4.
f4 a6 5. Nf3 b5 6. Bd3 Bb7 7. O-O e6 8. Be3 Nd7 9. e5 Ne7 10. a4 b4 11. Ne4 Bxe4 12. Bxe4 d5 13. Bd3 a5 14. c3 Rb8 15. Bd2 c5 16. Bb5 O-O 17. dxc5 Nxc5 18. cxb4 axb4 19. Bxb4 Ne4 20. Kh1 Nf5 21. Bxf8 Bxf8 22. Qe1 Bc5 23. b4 Ba7 24. Ra3 Qb6 25. g3 Ne3 26. Rxe3 Qxe3 27. Qxe3 Bxe3 28.
Kg2 Nc3 29. Ne1 Nxb5 30. axb5 Rxb5 31. Nd3 Kg7 32. Kf3 Bd2 33. Rd1 Bc3 34. Rc1 d4 35.
Ke4 f5+ 36. exf6+ Kxf6 37. g4 g5 38. h4 gxf4 39. g5+ Ke7 40. Rf1 Kd6 41. Rxf4 Bxb4 42. Rf7 Bc3 43. Rxh7 Rb1 44. g6 Rg1 45. h5 e5 46. Ra7 Rg4+ 47. Kf5 Rg1 48. h6 Rf1+ 49.
Ke4 Rh1 50. g7 Rh4+ 51. Kf5 1-0

[Event "*** Titled Tuesday 3|2 Blitz"]
[Site "Chess.com"]
[Date "2016.05.03"]
[Round "7"]
[White "NaziPaiki"]
[Black "GM_Huschenbeth"]
[Result "1-0"]
[WhiteElo "2680"]
[BlackElo "2489"]
[TimeControl "180+2"]
[EndTime "18:26:21 PDT"]
[Termination "NaziPaiki won by resignation"]

1. e4 e6 2. Qe2 d5 3. exd5 Qxd5 4.
Nc3 Qd8 5. g3 Nf6 6. Bg2 Be7 7.
Nf3 O-O 8. d4 c6 9. O-O Nbd7 10.
Rd1 Nb6 11. Ne5 Nbd5 12. Ne4 Nxe4 13. Bxe4 Nf6 14. Bd3 Qb6 15. c3 c5 16. Bg5 cxd4 17.
cxd4 Qd6 18. Rac1 Nd5 19. Bxe7 Qxe7 20. Qe4 g6 21. Bc4 Nf6 22. Qe3 Bd7 23. Bf1 Rac8 24.
Bg2 b6 25. Rc3 Rxc3 26. bxc3 Rc8 27. c4 Ba4 28. Rc1 Nd7 29. Nd3 Bc6 30. d5 Ba8 31.
Re1 Nf8 32. Ne5 exd5 33. cxd5 Re8 34. Qd4 Qd6 35. Re3 Rc8 36. h4 Nd7 37. Ng4 h5 38.
Nh6+ Kh7 39. Nxf7 Qf6 40. Ng5+ Kg8 41. Qe4 Rc1+ 42. Kh2 Qxf2 43. Qxg6+ 1-0

[Event "*** Titled Tuesday 3|2 Blitz"]
[Site "Chess.com"]
[Date "2016.05.03"]
[Round "7"]
[White "SidArun"]
[Black "Quiet_Desperation"]
[Result "1-0"]
[WhiteElo "2003"]
[BlackElo "2263"]
[TimeControl "180+2"]
[EndTime "18:26:22 PDT"]
[Termination "SidArun won by resignation"]

1. d4 Nf6 2. Nf3 e6 3. Bf4 d5 4.
e3 Be7 5. Bd3 O-O 6. Nbd2 c5 7.
c3 Nc6 8. Bb1 b6 9. Qc2 g6 10.
h3 Ba6 11. g4 Rc8 12. Qa4 Bb7 13. Kf1 cxd4 14. exd4 Na5 15. Bd3 Ne4 16. Kg2 f5 17.
Bh6 Rf7 18. Ne5 Rf6 19. g5 Rf8 20. Bxf8 Nxd2 21. Bxe7 Qxe7 22. f4 Ndc4 23. Bxc4 Nxc4 24. Rhe1 Nxb2 25. Qxa7 Rxc3 26. Rac1 Qc7 27. Rxc3 Qxc3 28.
Qxb6 Qd2+ 29. Kf3 Qc3+ 30. Re3 Qc8 31. Qxb2 Ba6 32. Rc3 Bc4 33. Ke3 h6 34. h4 hxg5 35. hxg5 Kg7 36. Qb4 Qh8 37. Qe7+ 1-0